 Dungeon Crawl Stone Soup version 0.20.0-8-g6b59dc7 (webtiles) character file.

16013 uglyjohn the Demolition Orc (level 12, -38/103 HPs)
             Began as a Hill Orc Fighter on May 29, 2017.
             Was an Elder of Makhleb.
             Killed from afar by a frost giant (44 damage)
             ... with a bolt of cold
             ... in an ice cave on May 30, 2017.
             The game lasted 00:30:47 (12595 turns).

uglyjohn the Demolition Orc (Hill Orc Fighter)     Turns: 12595, Time: 00:30:48

Health: -38/103    AC: 19    Str: 29    XL:     12   Next: 33%
Magic:  0/24       EV: 10    Int:  6    God:    Makhleb [****..]
Gold:   673        SH: 10    Dex: 10    Spells: 11/11 levels left

rFire    . . .     SeeInvis .   a - +0 war axe
rCold    . . .     Gourm    .   c - +0 shield
rNeg     . . .     Faith    .   L - +0 plate armour
rPois    +         Spirit   +   l - +2 hat
rElec    .         Reflect  .   z - +0 cloak
rCorr    .         Harm     .   o - +1 pair of gloves
MR       +....                  (no boots)
Stlth    ..........             r - amulet of guardian spirit
Regen    0.3/turn               O - +3 ring of evasion
MPRegen  0.2/turn               R - ring of poison resistance

@: mighty
A: repulsion field 1, dopey 1, magic resistance 1
a: Minor Destruction, Lesser Servant of Makhleb, Major Destruction, Renounce
Religion


You were in an ice cave.
You worshipped Makhleb.
Makhleb was greatly pleased with you.
You were not hungry.

You visited 2 branches of the dungeon, and saw 12 of its levels.
You also visited: Ossuary and Ice Cave.

You collected 841 gold pieces.
You spent 168 gold pieces at shops.

Inventory:

Hand Weapons
 a - a +0 war axe (weapon)
 J - a +0 battleaxe
Missiles
 n - 120 bolts
Armour
 c - a +0 shield (worn)
 l - a +2 hat (worn)
 o - a +1 pair of gloves (worn)
 z - a +0 cloak (worn)
 F - a +0 helmet
 L - a +0 plate armour (worn)
 Z - a +2 chain mail of cold resistance
Jewellery
 i - an uncursed ring of protection from cold
 r - an amulet of guardian spirit (around neck)
 G - a +3 ring of strength
 O - a +3 ring of evasion (left hand)
 R - a ring of poison resistance (right hand)
 T - an uncursed ring of protection from cold
 W - an uncursed ring of protection from magic
 X - an uncursed amulet of the gourmand
Wands
 d - a wand of iceblast (5/15)
 I - a wand of lightning (2/15)
 K - a wand of polymorph (12/24)
 Q - a wand of confusion (28/48)
 U - a wand of disintegration (0/24)
 V - a wand of flame (17/48)
Scrolls
 b - a scroll of amnesia {unknown}
 j - 2 scrolls of immolation
 k - 5 scrolls of teleportation
 p - 4 scrolls of identify
 t - a scroll of fear
 u - 6 scrolls of enchant armour
 y - 2 scrolls of magic mapping
 A - a scroll of fog
 B - 4 scrolls of blinking
 C - a scroll of recharging {unknown}
 D - a scroll of enchant weapon {unknown}
 H - a scroll of holy word {unknown}
 M - 2 scrolls of remove curse
Potions
 e - 2 potions of might
 h - 4 potions of flight
 m - a potion of ambrosia
 s - 3 potions of curing
 v - 2 potions of lignification
 x - 3 potions of mutation
 E - 2 potions of resistance
 N - 2 potions of invisibility
 S - a potion of cancellation
Comestibles
 f - 13 bread rations
 g - 11 royal jellies
 q - 8 meat rations
 w - 20 chunks of flesh


   Skills:
 - Level 8.3 Fighting
 - Level 13.9 Axes
 - Level 7.6 Armour
 - Level 3.2 Shields
 + Level 16.9 Invocations


You had 11 spell levels left.
You didn't know any spells.

Dungeon Overview and Level Annotations

Branches:
Dungeon (11/15)            Temple (1/1) D:7            Lair (0/6) D:10
    Orc (0/2) D:11

Altars:
Ashenzari
Cheibriados
Dithmenos
Elyvilon
Fedhas
Gozag
Hepliaklqana
Kikubaaqudgha
Makhleb
Nemelex Xobeh
Okawaru
Qazlal
Ru
Sif Muna
Trog
Uskayaw
Vehumet
Xom
Yredelemnul
Zin
The Shining One

Shops:
D:10 !


Innate Abilities, Weirdness & Mutations

You are surrounded by a mild repulsion field. (EV +2)
You are dopey. (Int -2)
You are resistant to hostile enchantments. (MR+)


Message History

Unknown command.
Press: ? - help, v - describe, . - travel, g - get item
Here: a frost giant, wielding a battleaxe of freezing (heavily wounded)
A polar bear skeleton.
The floor, spattered with blood.
You hit the frost giant.
The frost giant is heavily wounded.
The frost giant hits you with a battleaxe of freezing!
* * * LOW HITPOINT WARNING * * *
The frost giant freezes you!
* * * LOW HITPOINT WARNING * * *
The frost giant hits your orange demon with a battleaxe of freezing!
The frost giant freezes your orange demon.
Your orange demon dies!
Unknown command.
You slash the frost giant!
The frost giant is severely wounded.
The frost giant casts a spell at you. The bolt of cold hits you!
You die...

##...†..### ##....####
##..#### #..###
#....### ###....###
###....### ######
###....#### ###..†.#
####.@Ch#######....#.Y
####h†..#.....####.
##...Y..#### ##
########


You could see a frost giant, a polar bear, a yak and a wolf.

Vanquished Creatures
  The ghost of w00t the Changer, a novice DsAr of Hepliaklqana (D:8)
  An ice statue (IceCv)
  A troll (D:10)
  10 polar bears (IceCv)
  2 hippogriffs
  Sigmund (D:4)
  2 wyverns
  Eustachio (D:5)
  13 yaks
  A human (D:8)
  A steam dragon (D:10)
  3 hogs (D:8)
  2 insubstantial wisps (D:7)
  2 water moccasins
  4 porcupines (D:10)
  Duvessa (D:5)
  2 black bears (D:10)
  9 orc warriors
  An eye of draining (D:10)
  A hornet zombie (D:9)
  3 sky beasts (D:7)
  6 phantoms
  4 ice beasts
  3 necrophages
  3 ogres
  4 centaurs
  9 wolves
  4 crocodiles (D:10)
  An elf zombie (D:6)
  11 bullfrogs
  Dowan (D:5)
  An elf skeleton (D:6)
  A wyvern skeleton (D:9)
  4 scorpions
  A water moccasin skeleton (D:7)
  2 howler monkeys
  12 wights
  2 centaur zombies
  2 crimson imps
  3 hounds
  12 orc wizards
  10 orc priests
  A gnoll shaman (D:6)
  2 iguanas
  3 human skeletons (D:6)
  8 worker ants
  6 big kobold zombies (Ossuary)
  A hound zombie (D:7)
  A hound skeleton (D:7)
  A mummy (Ossuary)
  8 adders
  A howler monkey skeleton (D:7)
  8 gnolls
  3 shadow imps
  2 adder zombies
  3 adder skeletons
  3 worms
  2 dart slugs
  2 leopard geckos (D:4)
  60 orcs
  4 spectral bats (Ossuary)
  7 bats
  5 giant cockroaches
  7 hobgoblins
  7 quokkas
  2 ball pythons (D:1)
  4 bat simulacra (Ossuary)
  2 frilled lizards
  6 gnoll zombies (Ossuary)
  7 goblins
  6 goblin simulacra (Ossuary)
  5 goblin zombies (Ossuary)
  8 hobgoblin zombies (Ossuary)
  A jackal skeleton (D:4)
  9 kobolds
  3 kobold simulacra (Ossuary)
  3 kobold zombies (Ossuary)
  4 orc skeletons (D:6)
  4 orc zombies
  A quokka skeleton (D:7)
  A quokka zombie (D:6)
  21 rats
  4 rat simulacra (Ossuary)
  2 spectral goblins (Ossuary)
  4 spectral kobolds (Ossuary)
  A spectral orc (D:4)
  5 spectral rats (Ossuary)
406 creatures vanquished.

Vanquished Creatures (collateral kills)
  2 polar bears (IceCv)
  2 yaks (IceCv)
  A wolf (IceCv)
5 creatures vanquished.

Vanquished Creatures (others)
  A black bear (D:11)
  A hound (D:10)
  An orc (D:9)
  A fungus (D:10)
  3 plants (D:10)
7 creatures vanquished.

Grand Total: 418 creatures vanquished

Notes
Turn   | Place    | Note
-------+----------+-------------------------------------------
     0 | D:1      | uglyjohn the Hill Orc Fighter began the quest for the Orb.
     0 | D:1      | Reached XP level 1. HP: 19/19 MP: 1/1
   207 | D:1      | Reached XP level 2. HP: 27/27 MP: 2/2
   622 | D:2      | Reached XP level 3. HP: 32/33 MP: 3/3
  1399 | D:3      | Reached XP level 4. HP: 39/40 MP: 4/4
  1562 | D:3      | Upgraded the game from 0.20.0-7-g3b7b877 to 0.20.0-8-g6b59dc7
  1703 | D:3      | Found an iron altar of Okawaru.
  1724 | D:3      | Reached skill level 5 in Axes
  1731 | D:3      | Reached XP level 5. HP: 44/47 MP: 5/5
  1931 | D:3      | Found a radiant altar of Vehumet.
  2135 | D:4      | Reached skill level 5 in Fighting
  2135 | D:4      | Reached XP level 6. HP: 49/56 MP: 4/6
  2336 | D:4      | Noticed a phantom
  2348 | D:4      | Killed a phantom
  2383 | D:4      | Noticed Sigmund
  2394 | D:4      | Killed Sigmund
  2394 | D:4      | Reached skill level 5 in Armour
  2394 | D:4      | Reached XP level 7. HP: 53/61 MP: 7/7
  2496 | D:4      | Found a basalt altar of Yredelemnul.
  2717 | D:5      | Entered Level 5 of the Dungeon
  3226 | D:5      | Noticed Eustachio
  3235 | D:5      | Killed Eustachio
  3235 | D:5      | Reached XP level 8. HP: 61/71 MP: 6/8
  3606 | D:5      | Noticed Dowan
  3608 | D:5      | Noticed Duvessa
  3623 | D:5      | Killed Duvessa
  3644 | D:5      | Killed Dowan
  3906 | D:6      | Found a sand-covered staircase.
  3911 | Ossuary  | Entered an ossuary
  4086 | Ossuary  | Reached skill level 10 in Axes
  4659 | D:6      | Reached XP level 9. HP: 74/79 MP: 7/9
  4691 | D:6      | Gained mutation: Scrolls take you a little longer to read. [potion of mutation]
  4691 | D:6      | Gained mutation: You expend magic power (3 MP) to strengthen your wands. [potion of mutation]
  4691 | D:6      | Gained mutation: You are dopey. (Int -2) [potion of mutation]
  4691 | D:6      | Gained mutation: You can translocate small distances at will. [potion of mutation]
  4715 | D:6      | Lost mutation: You are dopey. (Int -2) [potion of mutation]
  4715 | D:6      | Lost mutation: You expend magic power (3 MP) to strengthen your wands. [potion of mutation]
  4715 | D:6      | Lost mutation: Scrolls take you a little longer to read. [potion of mutation]
  4715 | D:6      | Lost mutation: You can translocate small distances at will. [potion of mutation]
  4715 | D:6      | Gained mutation: You occasionally shout uncontrollably at your foes. [potion of mutation]
  4715 | D:6      | Gained mutation: Your body sometimes deteriorates upon taking damage. [potion of mutation]
  4715 | D:6      | Gained mutation: You tend to lose your temper in combat. [potion of mutation]
  4715 | D:6      | Lost mutation: You tend to lose your temper in combat. [potion of mutation]
  4716 | D:6      | Lost mutation: Your body sometimes deteriorates upon taking damage. [potion of mutation]
  4716 | D:6      | Lost mutation: You occasionally shout uncontrollably at your foes. [potion of mutation]
  4716 | D:6      | Gained mutation: You are surrounded by a mild repulsion field. (EV +2) [potion of mutation]
  4716 | D:6      | Gained mutation: You are dopey. (Int -2) [potion of mutation]
  4716 | D:6      | Gained mutation: You are resistant to hostile enchantments. (MR+) [potion of mutation]
  6219 | D:6      | Found a hazy altar of Hepliaklqana.
  6508 | D:7      | Reached XP level 10. HP: 70/89 MP: 7/10
  6764 | D:7      | Found a staircase to the Ecumenical Temple.
  6896 | Temple   | Entered the Ecumenical Temple
  7005 | Temple   | Became a worshipper of Makhleb the Destroyer
  7169 | D:7      | Reached skill level 1 in Invocations
  7177 | D:7      | Reached skill level 2 in Invocations
  7181 | D:7      | Reached skill level 3 in Invocations
  7252 | D:7      | Reached skill level 4 in Invocations
  7487 | D:8      | Reached skill level 5 in Invocations
  7588 | D:8      | Noticed w00t's ghost (novice DsAr)
  7615 | D:8      | Killed w00t's ghost
  7615 | D:8      | Reached skill level 7 in Invocations
  7648 | D:8      | Found a shimmering altar of Xom.
  7872 | D:8      | Reached skill level 8 in Invocations
  7886 | D:8      | Reached skill level 9 in Invocations
  7893 | D:8      | Reached * piety under Makhleb
  7983 | D:8      | Found a sparkling altar of Nemelex Xobeh.
  8046 | D:8      | Found a deep blue altar of Sif Muna.
  8052 | D:8      | Found a glowing silver altar of Zin.
  8052 | D:8      | Found a sacrificial altar of Ru.
  8333 | D:8      | Found a bloodstained altar of Trog.
  8462 | D:8      | Found a stormy altar of Qazlal.
  8698 | D:9      | Reached skill level 10 in Invocations
  8866 | D:9      | Reached XP level 11. HP: 91/94 MP: 16/19
  8888 | D:9      | Reached skill level 11 in Invocations
  9256 | D:9      | Found a snail-covered altar of Cheibriados.
  9762 | D:10     | Entered Level 10 of the Dungeon
  9928 | D:10     | Reached ** piety under Makhleb
  9928 | D:10     | Reached skill level 12 in Invocations
 10122 | D:10     | Found a staircase to the Lair.
 10551 | D:10     | Reached skill level 13 in Invocations
 10620 | D:10     | Found Plog's Distillery.
 10623 | D:10     | Bought a potion of cancellation for 96 gold pieces
 10623 | D:10     | Bought 2 potions of curing for 72 gold pieces
 10949 | D:10     | Reached skill level 14 in Invocations
 11207 | D:11     | Reached *** piety under Makhleb
 11351 | D:11     | Found a frozen archway.
 11363 | IceCv    | Entered an ice cave
 11386 | IceCv    | Reached skill level 15 in Invocations
 11461 | IceCv    | Reached XP level 12. HP: 30/103 MP: 8/23
 11757 | IceCv    | Reached **** piety under Makhleb
 12168 | IceCv    | Reached skill level 16 in Invocations
 12530 | IceCv    | Noticed a frost giant
 12560 | IceCv    | HP: 4/103 [polar bear (2)]
 12595 | IceCv    | Killed from afar by a frost giant

Skill      XL: |  1  2  3  4  5  6  7  8  9 10 11 12 |
---------------+-------------------------------------+-----
Axes           | 3 4 5 6 7 8 10 13 | 13.9
Fighting       | 4 5 6 7 8 |  8.3
Armour         | 4 5 6 7 |  7.6
Invocations    | 10 15 16 | 16.9
Shields        | |  3.2

Action                   |  1- 3 |  4- 6 |  7- 9 | 10-12 || total
-------------------------+-------+-------+-------+-------++-------
Melee: War axe           |   111 |   144 |   561 |   819 ||  1635
Invok: Minor Destruction |       |       |       |    90 ||    90
       Lesser Servant of |       |       |       |     3 ||     3
       Major Destruction |       |       |       |     1 ||     1
Evoke: Wand              |       |       |       |     5 ||     5
  Use: Scroll            |     2 |       |     9 |     8 ||    19
       Potion            |       |     1 |     7 |     8 ||    16
 Stab: Distracted        |       |       |       |     1 ||     1
  Eat: Chunk             |     2 |     3 |    12 |    20 ||    37
       Royal jelly       |       |       |     1 |       ||     1
       Fruit             |       |       |       |     1 ||     1
Armor: Scale mail        |    40 |       |       |       ||    40
       Chain mail        |    18 |    71 |   221 |       ||   310
       Plate armour      |       |       |    26 |   480 ||   506
Dodge: Dodged            |    34 |    22 |   101 |   267 ||   424
Block: Shield            |    63 |    64 |   186 |   372 ||   685
